Map: Orbital Shipyard

Players

Reality

  • Race: Terran Terran
  • League: Master

Solar - Winner!

  • Race: Zerg Zerg
  • League: Master

Event: Team Gravity's Tournament of Champions #5

VOD

Have the link to the VOD?

Description

Time

  • Played on: Nov. 15, 2015, 8:40 p.m.
  • Length: 9:29

All games in this series

Show
View Real Time Build Order
Export as new Build Order

Reality Terran 

Build Orders: Command Center First (CC), MMM Bio 

Get SALT Encoding   

  12  0:00  SCV  
  13  0:12  SCV  
  14  0:18  Supply Depot  
  14  0:25  SCV  
  15  0:40  SCV  
  16  0:52  SCV  
  17  0:59  Command Center  
  17  1:05  Refinery  
  17  1:07  SCV  
  18  1:18  Barracks  
  18  1:21  SCV  
  19  1:33  SCV  
  20  1:45  SCV  
  21  1:58  SCV  
  22  2:05  Marine  
  22  2:06  Factory  
  23  2:10  Orbital Command  
  23  2:11  Orbital Command  
  23  2:26  Barracks Reactor  
  23  2:31  Barracks  
  23  2:32  Barracks  
  23  2:36  SCV  
  24  2:39  SCV, Refinery  
  25  2:48  SCV  
  25  2:51  SCV  
  27  2:54  Supply Depot  
  27  3:00  SCV  
  27  3:03  SCV  
  27  3:05  Hellion x2  
  32  3:12  SCV, Marine  
  34  3:15  SCV  
  34  3:17  Supply Depot  
  35  3:20  Barracks Reactor x2  
  35  3:24  SCV  
  36  3:27  SCV  
  36  3:31  Barracks Tech Lab  
  36  3:32  Supply Depot  
  39  3:34  Hellion  
  39  3:36  SCV  
  39  3:38  Hellion  
  39  3:39  SCV  
  43  3:48  SCV  
  43  3:50  Stimpack  
  43  3:51  SCV  
  43  3:53  Starport  
  43  3:54  Marine  
  46  4:00  SCV  
  46  4:02  Marine x2  
  47  4:03  SCV, Marine x2  
  47  4:07  Supply Depot  
  52  4:13  SCV  
  52  4:15  SCV  
  52  4:16  Marine  
  55  4:20  Marine x3  
  55  4:21  Marine  
  59  4:25  SCV  
  59  4:27  SCV  
  59  4:30  Supply Depot  
  61  4:33  Supply Depot  
  61  4:34  Marine  
  61  4:37  Medivac x2  
  61  4:38  Marine x4  
  70  4:46  Factory Reactor  
  70  4:51  Command Center  
  70  4:58  Supply Depot  
  70  4:59  Refinery  
  70  5:00  Engineering Bay, Marine x2  
  70  5:02  Marine  
  70  5:03  Marine  
  70  5:04  Marine  
  75  5:09  SCV  
  75  5:10  SCV  
  77  5:16  Medivac x2  
  81  5:22  SCV x2  
  81  5:26  Marine x4  
  81  5:27  Marine  
  88  5:31  Terran Infantry Weapons Level 1  
  88  5:32  Widow Mine  
  88  5:35  Widow Mine  
  90  5:38  SCV x2  
  94  5:50  Supply Depot  
  94  5:53  Refinery  
  94  5:55  Combat Shields  
  94  6:02  SCV x2, Marine x4  
  94  6:03  Marauder  
  98  6:14  SCV x2  
  98  6:19  Orbital Command  
  98  6:20  Marine x4  
  98  6:24  Marauder  
  98  6:25  Factory Tech Lab  
  104  6:27  SCV  
  104  6:28  Barracks x2  
  105  6:33  Medivac x2  
  105  6:38  Orbital Command, Marine  
  111  6:40  SCV x2  
  111  6:42  Marine x3  
  115  6:55  SCV  
  115  7:01  Marauder  
  117  7:04  Marine x2  
  117  7:08  Supply Depot  
  117  7:09  Marine x2  
  117  7:10  Supply Depot, Siege Tank  
  117  7:12  Supply Depot  
  117  7:13  Supply Depot  
  117  7:18  Marine x2  
  117  7:20  Barracks Tech Lab  
  117  7:21  Medivac  
  117  7:22  Marauder  
  121  7:26  Terran Infantry Armor Level 1, SCV x3, Armory  
  121  7:27  Refinery, Engineering Bay  
  121  7:36  Marine x2  
  115  7:37  Marine x2  
  115  7:38  Marine  
  115  7:39  Marine  
  115  7:40  Marauder  
  115  7:44  Siege Tank, Marauder  
  125  7:55  Medivac x2  
  129  8:05  Factory  
  129  8:06  Barracks x2, Marine x2  
  129  8:07  Marauder, Barracks, Marine  
  129  8:08  Supply Depot x2, Marine  
  129  8:11  Marine x2  
  137  8:17  Marauder  
  135  8:24  Refinery, Marine  
  136  8:29  Siege Tank  
  136  8:31  Missile Turret  
  139  8:41  SCV x2  
  116  8:51  Marauder, Marine x2  
  116  8:52  Marine x3  
  116  8:53  Marine  
  102  8:58  Factory Tech Lab, Barracks Tech Lab x3  
Show
View Real Time Build Order
Export as new Build Order

Solar Zerg - Winner!

Build Orders: Hatch First 

Get SALT Encoding   

  12  0:00  Drone  
  13  0:12  Overlord  
  13  0:16  Drone  
  14  0:30  Drone  
  14  0:31  Drone  
  14  0:34  Drone  
  17  0:51  Hatchery  
  17  0:54  Drone  
  17  0:57  Drone  
  18  1:05  Extractor  
  17  1:12  Spawning Pool  
  17  1:15  Drone  
  17  1:18  Drone  
  18  1:31  Drone  
  19  1:40  Overlord  
  19  2:00  Queen, Zergling x4  
  23  2:03  Drone, Queen  
  26  2:09  Metabolic Boost  
  26  2:13  Drone  
  26  2:14  Drone  
  28  2:22  Drone  
  29  2:26  Drone  
  30  2:33  Overlord  
  30  2:36  Drone, Queen  
  33  2:42  Drone  
  34  2:47  Overlord  
  34  2:54  Drone  
  34  2:58  Drone  
  36  3:07  Drone  
  36  3:08  Drone  
  36  3:10  Drone x2  
  36  3:11  Drone  
  36  3:12  Drone  
  42  3:14  Drone  
  42  3:19  Hatchery, Drone x2  
  45  3:20  Drone  
  45  3:28  Overlord  
  45  3:31  Drone  
  45  3:36  Roach Warren  
  45  3:38  Drone  
  45  3:43  Overlord  
  45  3:45  Overlord  
  45  3:46  Drone x3  
  45  3:47  Drone  
  49  3:53  Queen  
  49  3:54  Overlord  
  51  4:00  Overlord  
  51  4:02  Drone  
  52  4:04  Drone  
  52  4:05  Drone  
  54  4:12  Extractor  
  54  4:13  Extractor  
  54  4:15  Evolution Chamber  
  54  4:16  Evolution Chamber  
  50  4:18  Drone x5  
  50  4:20  Zergling x4  
  50  4:23  Zergling x4  
  59  4:30  Drone  
  60  4:32  Lair, Queen  
  60  4:33  Drone  
  63  4:40  Drone x2  
  63  4:42  Drone  
  66  4:46  Drone  
  66  4:49  Zerg Missile Weapons Level 1, Drone x3  
  66  4:52  Extractor  
  68  4:55  Zerg Ground Armor Level 1  
  68  4:58  Drone  
  69  5:01  Drone  
  69  5:02  Drone  
  69  5:03  Drone  
  69  5:05  Roach x3  
  78  5:08  Roach  
  78  5:10  Extractor  
  78  5:11  Roach  
  78  5:13  Spore Crawler  
  80  5:15  Overlord  
  80  5:18  Roach x2  
  84  5:23  Overlord  
  84  5:25  Overlord  
  84  5:27  Overlord  
  84  5:31  Overlord  
  84  5:33  Glial Reconstitution  
  84  5:35  Roach x3  
  90  5:38  Overlord  
  90  5:43  Drone x4  
  90  5:44  Roach  
  90  5:45  Ravager  
  90  5:46  Drone x2  
  99  5:54  Spore Crawler  
  99  5:55  Drone  
  99  6:00  Roach x4  
  99  6:02  Ravager  
  108  6:04  Drone  
  108  6:05  Drone  
  108  6:08  Roach x4  
  108  6:10  Roach  
  110  6:14  Roach  
  104  6:24  Drone x4  
  104  6:25  Overlord  
  108  6:26  Ravager  
  108  6:28  Roach  
  108  6:30  Ravager  
  112  6:33  Roach x5  
  112  6:37  Overlord  
  122  6:43  Hatchery, Extractor  
  122  6:44  Drone x2  
  122  6:45  Ravager x2  
  124  6:49  Overlord  
  116  7:05  Drone x2  
  116  7:06  Overlord  
  118  7:09  Roach  
  118  7:10  Roach x5  
  118  7:14  Roach x4  
  138  7:23  Roach  
  138  7:24  Roach x4  
  138  7:25  Overlord  
  138  7:27  Overlord  
  138  7:28  Overseer  
  148  7:33  Roach  
  148  7:36  Roach x2  
  154  7:44  Overlord  
  154  7:46  Drone  
  154  7:47  Roach  
  154  7:48  Roach x4  
  154  7:49  Overlord  
  165  7:56  Hatchery  
  165  7:58  Drone, Overseer  
  162  8:03  Roach x5  
  162  8:04  Roach  
  176  8:05  Roach  
  176  8:06  Roach  
  176  8:11  Ravager x2  
  176  8:12  Ravager  
  181  8:14  Ravager x2  
  181  8:16  Overlord  
  183  8:21  Roach x4  
  183  8:23  Overlord  
  183  8:25  Ravager  
  192  8:34  Overlord  
  192  8:36  Roach x4  
  168  8:48  Roach  
  168  8:49  Roach x6  
  168  8:53  Roach x5  
  184  8:55  Roach  
  184  8:56  Roach  
  184  8:58  Roach  
  184  8:59  Roach  
  183  9:05  Ravager x2  

Tags
 
Add a new tag
Caveats
  • Supply blocks, unpowered buildings, or Contaminate may cause inaccurate times.
  • Supply counts are checked every 10 seconds.